 Dungeon Crawl Stone Soup version 0.31.0-9-g3a7656b989 (webtiles) character file.

Game seed: 11255201744251898239

42 qw the Shooter (level 3, -2/22 HPs)
             Began as a Deep Elf Hunter on Feb 2, 2024.
             Slain by Sigmund
             ... wielding a +0 scythe
              (13 damage)
             ... on level 2 of the Dungeon.
             The game lasted 00:00:02 (735 turns).

qw the Shooter (Deep Elf Hunter)                     Turns: 735, Time: 00:00:03

Health: -2/22      AC:  1    Str:  7 (9)  XL:     3   Next: 35%
Magic:  5/5        EV: 12    Int: 11 (12) God:
Gold:   82         SH:  0    Dex: 20 (22) Spells: 2/2 levels left

rFire   . . .        a - +0 shortbow
rCold   . . .        (shield currently unavailable)
rNeg    . . .        c - +0 leather armour
rPois   .            (no helmet)
rElec   .            (no cloak)
rCorr   .            (no gloves)
SInv    .            (no boots)
Will    .....        (no amulet)
Stlth   +            (no ring)
HPRegen 0.23/turn    (no ring)
MPRegen 0.09/turn

%: no passive effects
@: confused
A: agile 1, deformed body, robust 1
a: no special abilities


You were on level 2 of the Dungeon.
You visited 1 branch of the dungeon, and saw 2 of its levels.

You collected 82 gold pieces.


Innate Abilities, Weirdness & Mutations

You are agile. (Dex +4, Str/Int -1)
Armour fits poorly on your strangely shaped body.
You are robust. (+10% HP)


   Skills:
 - Level 1.5 Fighting
 + Level 6.9 Ranged Weapons
 - Level 2.4 Dodging
 - Level 1.2 Stealth


You had 2 spell levels left.
You didn't know any spells.
Your spell library was empty.

Inventory:

Hand Weapons
 a - a +0 shortbow (weapon)
Armour
 c - a +0 leather armour (worn)
Scrolls
 b - a scroll of enchant weapon {unknown}
 e - 2 scrolls of teleportation {unknown}
Potions
 d - 3 potions of enlightenment
 f - a potion of might
 h - 2 potions of mutation

Dungeon Overview and Level Annotations

Branches:
Dungeon (2/15)

Altars:

Annotations:
D:2 Sigmund


Message History

A quokka comes into view.
You shoot an arrow. The arrow hits the quokka!
You kill the quokka!
h - 2 potions of mutation (gained 1)
e - 2 scrolls labelled EMU HYQAEZESTA You now have 82 gold pieces (gained 8).
A quokka comes into view.
You shoot an arrow. The arrow hits the quokka.
The quokka is moderately wounded.
You shoot an arrow. The arrow barely misses the quokka.
A quokka is nearby!
You shoot an arrow. The arrow hits the quokka.
The quokka is severely wounded.
You shoot an arrow. The arrow closely misses the quokka.
You shoot an arrow. The arrow hits the quokka.
You kill the quokka!
Sigmund the Dreaded comes into view.
He is wielding a +0 scythe and wearing a +2 robe of positive energy.
You shoot an arrow. The arrow hits Sigmund.
Sigmund is lightly wounded.
You shoot an arrow. The arrow hits Sigmund.
Sigmund is moderately wounded.
You shoot an arrow. The arrow hits Sigmund!
Sigmund is heavily wounded.
Sigmund points at you and mumbles some strange words.
You are confused.
730 ||| DRINKING fizzy red potion.
It was a potion of degeneration.
There was something very wrong with that liquid.
You feel weakened.
You feel dopey.
You feel clumsy.
Sigmund casts a spell.
Sigmund flickers and vanishes!
Deactivating autopickup; reactivate with Ctrl-A.
You shoot an arrow. You shoot an arrow. You shoot an arrow. Something hits you!
Ouch! That really hurt!
You shoot an arrow. Something hits you!
Ouch! That really hurt!
You die...

....####%%..
............
###.#######. #.# #. ###
#.# #. .. #.# #. #. #.##
#. ..#.##.### #..## #.
.......@.######.#.## #.
..#.##.#.......###.####.
#.######.## ##..... ..
##.###.##### ##.
##.#.###### #.
##......## #. ######.##
#. #.## #.##


There were no monsters in sight!

Vanquished Creatures
  2 dart slugs (D:1)
  A ribbon worm (D:2)
  2 ball pythons (D:1)
  3 bats (D:1)
  5 endoplasms
  A giant cockroach (D:1)
  2 goblins (D:1)
  2 hobgoblins
  2 kobolds (D:1)
  5 quokkas
  4 frilled lizards
  3 rats (D:1)
32 creatures vanquished.

Notes
Turn   | Place    | Note
-------+----------+-------------------------------------------
     0 | D:1      | qw the Deep Elf Hunter began the quest for the Orb.
     0 | D:1      | Reached XP level 1. HP: 12/12 MP: 3/3
     0 | D:1      | 0 ||| qw: Version: 0.3-a-155-g5e7d8dd
     0 | D:1      | 0 ||| qw: Game counter: 693
     0 | D:1      | 0 ||| qw: Melee chars always use a shield: true
     0 | D:1      | 0 ||| qw: God list: Okawaru
     0 | D:1      | 0 ||| qw: Allow faded altars: false
     0 | D:1      | 0 ||| qw: Do Orc after clearing Dungeon:15 true
     0 | D:1      | 0 ||| qw: Do second Lair branch before Depths: true
     0 | D:1      | 0 ||| qw: Lair rune preference: random
     0 | D:1      | 0 ||| qw: Goals: Normal
     0 | D:1      | 0 ||| PLANNING D:1-11
   128 | D:1      | Reached XP level 2. HP: 16/16 MP: 4/4
   149 | D:1      | Reached skill level 6 in Ranged Weapons
   344 | D:1      | Reached XP level 3. HP: 20/20 MP: 5/5
   461 | D:1      | 461 ||| READING scroll labelled TIQAOGG FEQID.
   461 | D:1      | 461 ||| IDENTIFYING dark potion
   462 | D:1      | 462 ||| READING scroll labelled ETUSHR LYKKUDWE.
   563 | D:1      | 563 ||| DRINKING 4 gluggy blue potions.
   564 | D:1      | 564 ||| DRINKING 2 glowing ruby potions.
   564 | D:1      | Gained mutation: Armour fits poorly on your strangely
                  | shaped body. [potion of mutation]
   564 | D:1      | Gained mutation: You are robust. (+10% HP) [potion of
                  | mutation]
   564 | D:1      | Gained mutation: You are agile. (Dex +4, Str/Int -1)
                  | [potion of mutation]
   573 | D:1      | 573 ||| DROPPING scroll of butterflies.
   726 | D:2      | Noticed Sigmund
   730 | D:2      | 730 ||| DRINKING fizzy red potion.
   735 | D:2      | Slain by Sigmund

Levels and vault maps discovered:
D:1:      giann_horns, layout_rooms, minmay_tiny_reverse_x
D:2:      layout_loops_ring, basic_altar, uniq_sigmund

Skill      XL: |  1  2 |
---------------+-------+-----
Ranged Weapons | 6 |  6.9
Fighting       | |  1.5
Dodging        | |  2.4
Stealth        | |  1.2

Action                     || total
---------------------------++-------
   Fire: Shortbow          ||   112
    Use: Potion            ||     3
         Scroll            ||     2
 Armour: Leather armour    ||    27
  Dodge: Dodged            ||    40

Table legend:
 A = Non-vault XP
 B = Vault XP
 C = Vault XP percentage of total XP
 D = Non-vault monster count
 E = Vault monster count
 F = Vault count percentage of total count
                 A         B        C        D         E       F
            +---------+---------+-------+---------+---------+-------
      Total |      58 |       3 |   4.9 |      30 |       2 |   6.2
            +---------+---------+-------+---------+---------+-------
        D:1 |      45 |       3 |   6.2 |      24 |       2 |   7.7
        D:2 |      13 |       0 |   0.0 |       6 |       0 |   0.0
            +---------+---------+-------+---------+---------+-------
